 Dungeon Crawl Stone Soup version 0.30-b1-2-g02819fbbbe (webtiles) character file.

Game seed: 17378392610027147549

7224 Alarkh the Martial Artist (level 10, -9/67 HPs)
             Began as a Demonspawn Warper on May 27, 2023.
             Was a Follower of Uskayaw.
             Mangled by an acid dragon (13 damage)
             ... on level 11 of the Dungeon.
             The game lasted 00:17:29 (10765 turns).

Alarkh the Martial Artist (Demonspawn Warper)      Turns: 10765, Time: 00:17:29

Health: -9/67      AC:  2    Str: 12    XL:     10   Next: 88%
Magic:  13/13      EV: 12    Int: 19    God:    Uskayaw [*.....]
Gold:   626        SH:  5    Dex: 18    Spells: 8/13 levels left

rFire   . .          .
                       - Unarmed
rCold   . . .        (no shield)
rNeg    . . .        B - +2 leather armour of the Teacher {rElec Dex+6 Stlth+}
rPois   .            (no helmet)
rElec   +            F - +0 cloak
rCorr   .            (no gloves)
SInv    .            (no boots)
Will    +....        l - amulet of reflection
Stlth   +++          o - +4 ring of protection
HPRegen 0.31/turn    y - ring of willpower
MPRegen 0.13/turn

%: reflection
@: about to teleport, corroded
A: hooves 1, powered by death 2
a: Renounce Religion, Stomp


You were on level 11 of the Dungeon.
You worshipped Uskayaw.
Uskayaw was noncommittal.
You visited 2 branches of the dungeon, and saw 12 of its levels.

You collected 626 gold pieces.

Inventory:

Hand Weapons
 b - a +0 sling
Missiles
 c - 5 boomerangs of dispersal (quivered)
 q - 11 boomerangs
Armour
 u - a scarf of invisibility
 B - the +2 leather armour of the Teacher (worn) {rElec Dex+6 Stlth+}
   (You found it on level 4 of the Dungeon)

   Dex:       It affects your dexterity (+6).
   rElec:     It insulates you from electricity.
   Stlth:     It makes you more stealthy.
 F - a +0 cloak (worn)
Magical Staves
 E - a staff of poison
 N - a staff of death
Jewellery
 k - an amulet of magic regeneration
 l - an amulet of reflection (around neck)
 o - a +4 ring of protection (left hand)
 w - a +6 ring of dexterity
 y - a ring of willpower (right hand)
 J - a +6 ring of strength
Wands
 a - a wand of charming (44)
 A - a wand of iceblast (13)
 L - a wand of quicksilver (3)
Scrolls
 d - a scroll of immolation
 f - 4 scrolls of vulnerability
 g - a scroll of poison {unknown}
 h - 2 scrolls of noise
 n - 2 scrolls of blinking
 p - 2 scrolls of teleportation
 r - a scroll of identify
 s - a scroll of acquirement {unknown}
 t - a scroll of magic mapping
 z - 4 scrolls of fog
 K - a scroll of brand weapon {unknown}
Potions
 e - 2 potions of cancellation
 i - a potion of lignification
 j - 4 potions of curing
 m - a potion of might
 v - a potion of mutation
 x - 2 potions of ambrosia
 C - a potion of brilliance
 D - a potion of attraction
 G - 2 potions of haste
 H - a potion of invisibility
 I - a potion of resistance


   Skills:
 + Level 2.3 Fighting
 - Level 0.8 Throwing
 + Level 2.8 Armour
 + Level 2.6 Dodging
 + Level 1.9 Stealth
 * Level 14.7 Unarmed Combat
 - Level 2.0 Spellcasting
 - Level 2.6 Translocations


You had 8 spell levels left.
You knew the following spells:

 Your Spells              Type           Power      Damage    Failure   Level
a - Blink                 Tloc           24%        N/A       11%         2
b - Vhi's Electric Charg  Tloc/Air       14%        N/A       36%         3

Your spell library contained the following spells:

 Spells                   Type           Power      Damage    Failure   Level
 Lesser Beckoning         Tloc           24%        N/A       11%         2
 Magic Dart               Conj           4%         1d3       22%         1
 Summon Small Mammal      Summ           4%         N/A       22%         1
 Teleport Other           Tloc           12%        N/A       22%         3
 Call Imp                 Summ           2%         N/A       32%         2
 Call Canine Familiar     Summ           1%         N/A       54%         3
 Ignite Poison            Fire/Tmut/Pois 1%         N/A       54%         3
 Mephitic Cloud           Conj/Pois/Air  1%         N/A       54%         3
 Summon Guardian Golem    Hex/Summ       1%         N/A       54%         3
 Manifold Assault         Tloc           12%        N/A       56%         4
 Sticky Flame             Conj/Fire      1%         2d3       91%         4
 Ignition                 Fire           0%         3d3       100%        8


Dungeon Overview and Level Annotations

Branches:
Dungeon (11/15)            Temple (1/1) D:7
   Lair: D:8-11         Orc: D:9-12

Altars:
Ashenzari
Cheibriados
Dithmenos
Fedhas
Gozag
Hepliaklqana
Kikubaaqudgha
Makhleb
Nemelex Xobeh
Okawaru
Qazlal
Ru
Sif Muna
Trog
Uskayaw
Vehumet
Wu Jian
Xom
Yredelemnul

Annotations:
D:9 exclusion: two-headed ogre
D:11 exclusion: gargoyle


Innate Abilities, Weirdness & Mutations

You have large cloven feet.
You regenerate health from kills.


Message History

You feel much better.
The centaur shoots an arrow.
The arrow misses you.
The acid dragon bites you but does no damage.
The acid dragon completely misses you. The acid dragon barely misses you.
The acid dragon claws you.
You punch the acid dragon! You punch the acid dragon.
The acid dragon is moderately wounded.
The acid dragon spits acid at you. The splash of acid hits you!
The acid corrodes you!
You closely miss the acid dragon. Your kick misses the acid dragon.
The acid dragon is moderately wounded.
You hit the acid dragon but do no damage.
Your kick misses the acid dragon. Your punch misses the acid dragon.
The acid dragon is moderately wounded.
The acid dragon barely misses you.
The acid dragon claws you but does no damage.
You closely miss the acid dragon.
You kick the acid dragon, but do no damage.
Your punch misses the acid dragon.
The acid dragon is moderately wounded.
You block the acid dragon's attack. The acid dragon barely misses you.
You closely miss the acid dragon.
You kick the acid dragon, but do no damage.
The acid dragon is moderately wounded.
You hit the acid dragon.
The acid dragon is heavily wounded.
The acid dragon misses you. x2
You hit the acid dragon but do no damage.
The acid dragon is heavily wounded.
The acid dragon misses you. The acid dragon claws you.
You barely miss the acid dragon.
The acid dragon is heavily wounded.
The acid dragon spits acid at you. The splash of acid hits you!!
* * * LOW HITPOINT WARNING * * *
As you read the scroll of teleportation, it crumbles to dust.
You feel strangely unstable. You block the acid dragon's attack.
The acid dragon barely misses you.
The acid dragon attacks as you move away!
The acid dragon bites you!
You die...

..............##.....##
#
#...........######..##
# ###.....### ##.# #
#...### ### ## ##....#
#. #.....### ##
#.......# #####
#.....D.#.....#
#......#@.#
#.$.#..##..# #
#.....#[##### #
######### #


You could see an acid dragon (catching breath).

Vanquished Creatures
  A two-headed ogre (D:10)
  Pikel (D:8)
  3 trolls
  Grinder (D:5)
  6 yaks (D:10)
  3 wyverns
  A steam dragon (D:8)
  Menkaure (D:6)
  Edmund (D:6)
  A water moccasin (D:8)
  2 ice beasts
  4 orc warriors
  A sky beast (D:7)
  Blork the orc (D:5)
  4 kobold brigands
  2 gnoll sergeants (D:8)
  4 bullfrogs
  4 wights (D:6)
  4 scorpions
  12 killer bees
  4 howler monkeys
  A jelly (D:4)
  2 gnoll boudas (D:4)
  A hound (D:6)
  5 orc priests
  Crazy Yiuf (D:5)
  2 sleepcaps
  Terence (D:2)
  7 iguanas
  6 orc wizards
  Natasha (thrice) (D:4)
  15 gnolls
  4 adders
  A white imp (D:8)
  An ufetubus (D:5)
  3 worms
  7 dart slugs
  21 orcs
  5 ball pythons
  8 bats
  5 endoplasms
  4 giant cockroaches
  7 hobgoblins
  4 quokkas
  4 frilled lizards
  5 goblins
  21 kobolds
  8 rats
213 creatures vanquished.

Vanquished Creatures (collateral kills)
  An orc priest (D:8)
  2 orcs (D:8)
3 creatures vanquished.

Vanquished Creatures (others)
  30 plants (D:4)
30 creatures vanquished.

Grand Total: 246 creatures vanquished

Notes
Turn   | Place    | Note
-------+----------+-------------------------------------------
     0 | D:1      | Alarkh the Demonspawn Warper began the quest for the Orb.
     0 | D:1      | Reached XP level 1. HP: 16/16 MP: 3/3
    23 | D:1      | Reached skill level 2 in Unarmed Combat
    49 | D:1      | Found a faded altar of an unknown god.
    50 | D:1      | You fall into a shaft and drop 1 floor!
   156 | D:1      | Gained mutation: You regenerate a little health from kills.
                  | [demonic ancestry]
   156 | D:1      | Reached XP level 2. HP: 12/22 MP: 5/5
   412 | D:1      | Reached skill level 3 in Unarmed Combat
   658 | D:2      | Reached XP level 3. HP: 23/27 MP: 6/6
  1375 | D:2      | Reached XP level 4. HP: 33/33 MP: 7/7
  1430 | D:2      | Noticed Terence
  1451 | D:2      | Killed Terence
  1452 | D:2      | Reached skill level 4 in Unarmed Combat
  1581 | D:3      | Noticed a bullfrog
  1671 | D:3      | Killed a bullfrog
  1672 | D:3      | Reached skill level 5 in Unarmed Combat
  1672 | D:3      | Gained mutation: You regenerate health from kills. [demonic
                  | ancestry]
  1672 | D:3      | Reached XP level 5. HP: 38/38 MP: 8/8
  1773 | D:3      | Found an ancient bone altar of Kikubaaqudgha.
  2013 | D:3      | Found an iron altar of Okawaru.
  2513 | D:4      | Learned a level 2 spell: Blink
  2517 | D:4      | Learned a level 3 spell: Vhi's Electric Charge
  2732 | D:4      | Reached XP level 6. HP: 44/44 MP: 9/9
  2918 | D:4      | Reached skill level 6 in Unarmed Combat
  2943 | D:4      | Noticed Natasha
  2955 | D:4      | Killed Natasha
  3095 | D:4      | Reached skill level 7 in Unarmed Combat
  3122 | D:4      | Identified the +2 leather armour of the Teacher {rElec
                  | Dex+6 Stlth+}
  3264 | D:4      | Noticed Natasha
  3276 | D:4      | Killed Natasha
  3277 | D:4      | Reached XP level 7. HP: 37/50 MP: 10/10
  3446 | D:4      | Noticed Natasha
  3453 | D:4      | Killed Natasha
  3474 | D:5      | Entered Level 5 of the Dungeon
  4060 | D:5      | Reached skill level 8 in Unarmed Combat
  4185 | D:5      | Found a runed translucent door.
  4186 | D:5      | Noticed Crazy Yiuf
  4208 | D:5      | Noticed Grinder
  4221 | D:5      | Paralysed by Grinder for 3 turns
  4226 | D:5      | Paralysed by Grinder for 5 turns
  4232 | D:5      | Killed Grinder
  4233 | D:5      | Reached XP level 8. HP: 42/56 MP: 11/11
  4351 | D:5      | Reached skill level 9 in Unarmed Combat
  4512 | D:5      | Noticed Blork the orc
  4531 | D:5      | Killed Blork the orc
  4810 | D:5      | Killed Crazy Yiuf
  5294 | D:6      | Reached skill level 10 in Unarmed Combat
  5488 | D:6      | Noticed Menkaure
  5659 | D:6      | Noticed Edmund
  5680 | D:6      | Killed Edmund
  5820 | D:6      | Killed Menkaure
  5862 | D:6      | Reached skill level 11 in Unarmed Combat
  5862 | D:6      | Reached XP level 9. HP: 61/61 MP: 12/12
  6212 | D:7      | Found a staircase to the Ecumenical Temple.
  6217 | Temple   | Entered the Ecumenical Temple
  6217 | Temple   | Found a transporter.
  6217 | Temple   | Found a transporter.
  6219 | Temple   | Found a transporter.
  6219 | Temple   | Found a transporter.
  6244 | Temple   | Became a worshipper of Uskayaw the Reveller
  6283 | D:7      | Reached * piety under Uskayaw
  6346 | D:7      | Reached ** piety under Uskayaw
  6513 | D:7      | Reached *** piety under Uskayaw
  6646 | D:7      | Reached **** piety under Uskayaw
  6650 | D:7      | Reached ***** piety under Uskayaw
  6814 | D:7      | Reached skill level 12 in Unarmed Combat
  7278 | D:7      | Found an opulent altar of Gozag.
  7803 | D:8      | Reached skill level 13 in Unarmed Combat
  7970 | D:8      | Noticed Pikel
  8009 | D:8      | Killed Pikel
  8010 | D:8      | Gained mutation: You have large cloven feet. [demonic
                  | ancestry]
  8010 | D:8      | Reached XP level 10. HP: 42/67 MP: 13/13
  8292 | D:9      | Noticed a two-headed ogre
  8358 | D:9      | Found a sacrificial altar of Ru.
  8641 | D:9      | Reached skill level 1 in Armour
  8866 | D:9      | HP: 3/67 [killer bee (4)]
  8867 | D:9      | HP: 1/67 [poisoned by a killer bee]
  9474 | D:10     | Entered Level 10 of the Dungeon
  9513 | D:9      | Reached skill level 14 in Unarmed Combat
 10127 | D:10     | Reached skill level 1 in Stealth
 10160 | D:10     | Found a radiant altar of Vehumet.
 10288 | D:10     | Noticed a two-headed ogre
 10295 | D:10     | Killed a two-headed ogre
 10517 | D:11     | Noticed a gargoyle
 10763 | D:11     | HP: 3/67 [acid dragon/splash of acid (20)]
 10765 | D:11     | Mangled by an acid dragon

Illustrated notes

Levels and vault maps discovered:
D:1:      minmay_arrival_stair_chambers, layout_rooms,
          ebering_ecumenical_altar_box, chequers_serial_rivers_small_a,
          item_on_display_b
D:2:      layout_basic, uniq_terence
D:3:      layout_loops_cross, mainiacjoe_overflow_24_doors,
          hellmonk_okawaru_the_only_friend_you_need
D:4:      layout_loops_cross, kennysheep_boxes, uniq_natasha
D:5:      layout_basic, columned_hall_lemuel, uniq_blork_the_orc, uniq_grinder,
          uniq_crazy_yiuf_cottage
D:6:      layout_basic, chequers_serial_rivers_small_a, uniq_edmund,
          uniq_menkaure
D:7:      layout_loops_ring, mainiacjoe_overflow_cross_hatched,
          minmay_temple_entry_glassed_door, eino_tiny_chamber, eino_jars
D:8:      layout_loops_cross, minmay_circle_x, uniq_pikel
D:9:      layout_gridville, old_standard_altar
D:10:     layout_cave_pools, mainiacjoe_overflow_tiny_flanked,
          kennysheep_generic_room_8
D:11:     layout_layer_cave, erik_lair_dragon, hiddenorc2_lemuel,
          chequers_serial_rivers_micro_a
Temple:   hellmonk_temple_divided_pantheon

Skill      XL: |  1  2  3  4  5  6  7  8  9 10 |
---------------+-------------------------------+-----
Unarmed Combat | 2 3 5 7 8 11 13 14 | 14.7
Armour         | 2 |  2.8
Dodging        | 2 |  2.6
Stealth        | 1 |  1.9
Fighting       | |  2.3
Throwing       | |  0.8
Spellcasting   | |  2.0
Translocations | |  2.6

Action                     |  1- 3 |  4- 6 |  7- 9 | 10-12 || total
---------------------------+-------+-------+-------+-------++-------
  Melee: Unarmed           |   174 |   285 |   441 |   178 ||  1078
         Punch             |     5 |    12 |    32 |    22 ||    71
         Kick              |       |       |       |    67 ||    67
   Fire: Sling             |       |     2 |    15 |       ||    17
  Throw: Boomerang         |     1 |       |     1 |       ||     2
  Evoke: Wand              |       |       |     8 |     2 ||    10
    Use: Potion            |     1 |     1 |     9 |     3 ||    14
         Scroll            |     2 |     2 |     9 |     6 ||    19
   Stab: Sleeping          |       |       |     9 |     1 ||    10
         Paralysed         |       |       |     9 |     6 ||    15
 Armour: Leather armour    |    50 |    24 |    99 |    43 ||   216
         Ring mail         |       |    22 |       |       ||    22
         Skin              |       |       |    19 |       ||    19
  Dodge: Dodged            |   110 |   124 |   183 |   116 ||   533
  Block: Other             |     4 |    35 |    90 |    42 ||   171
         Reflection        |     2 |     1 |       |     4 ||     7
